 Dungeon Crawl Stone Soup version 0.26-b1-32-g5d43845318 (webtiles) character file.

Game seed: 1882484234385863736

13083 Arthanis the Fighter (level 12, -2/82 HPs)
             Began as a Gargoyle Berserker on Jan 10, 2021.
             Was a High Priest of Trog.
             Slain by a killer bee (5 damage)
             ... on level 11 of the Dungeon.
             The game lasted 00:12:38 (12265 turns).

Arthanis the Fighter (Gargoyle Berserker)          Turns: 12265, Time: 00:12:39

Health: -2/82      AC: 26    Str: 21    XL:     12   Next: 2%
Magic:  12/12      EV:  5    Int: 13    God:    Trog [*****.]
Gold:   567        SH:  9    Dex:  9    Spells: 11/11 levels left

rFire    . . .     SeeInvis +   H - +3 war axe
rCold    . . .     Faith    .   s - +0 kite shield
rNeg     + . .     Spirit   .   A - +0 plate armour
rPois    ∞         Reflect  .   N - +0 helmet
rElec    +         Harm     .   P - +0 cloak
rCorr    .         Rampage  .   (no gloves)
Will     ++...                  q - +0 pair of boots
Stlth    ..........             E - amulet of magic regeneration
HPRegen  1.23/turn              J - ring of see invisible
MPRegen  0.38/turn              (no ring)

@: berserk cooldown, regenerating, slowed, very slow
A: negative energy resistance 1, electricity resistance, unbreathing,
petrification resistance, miasma immunity, AC +8
a: Renounce Religion, Berserk, Trog's Hand, Brothers in Arms


You were on level 11 of the Dungeon.
You worshipped Trog.
Trog was extremely pleased with you.
You visited 1 branch of the dungeon, and saw 11 of its levels.
You also visited: Sewer.

You collected 567 gold pieces.

Inventory:

Hand Weapons
 a - a +0 hand axe
 D - a +1 halberd of flaming
 G - a +4 battleaxe
 H - a +3 war axe (weapon)
 I - a +0 morningstar of protection
 K - the +10 flail of Woe {antimagic, *Drain +Blink rElec Will-}
   (You found it on level 10 of the Dungeon)

   It reduces the magical energy of the wielder, and disrupts the spells and
   magical abilities of those hit.
   Natural abilities and divine invocations are not affected.
   It insulates you from electricity.
   It affects your willpower, your defense against some magical effects.
   It lets you blink.
   It causes draining when unequipped.
 M - a +0 broad axe
Armour
 b - a +0 animal skin
 h - a +0 helmet
 j - a +0 scale mail
 q - a +0 pair of boots (worn)
 s - a +0 kite shield (worn)
 u - the +0 scale mail of Impermeability {+Fly rPois rC-}
   (You found it on level 6 of the Dungeon)

   It makes you vulnerable to cold.
   It protects you from poison.
   It lets you fly.
 A - a +0 plate armour (worn)
 N - a +0 helmet (worn)
 P - a +0 cloak (worn)
Jewellery
 E - an amulet of magic regeneration (around neck)
 J - a ring of see invisible (left hand)
Wands
 d - a wand of random effects (6)
 v - a wand of iceblast (8)
 y - a wand of disintegration (45)
 B - a wand of paralysis (15)
 R - a wand of flame (34)
Scrolls
 f - 3 scrolls of amnesia
 g - 4 scrolls of fear
 l - a scroll of enchant armour
 n - a scroll of magic mapping
 o - 5 scrolls of noise
 p - 2 scrolls of enchant weapon {unknown}
 w - 3 scrolls of teleportation
 x - 2 scrolls of blinking
 O - a scroll of identify
 S - a scroll of immolation {unknown}
Potions
 c - 2 potions of might {unknown}
 e - a potion of resistance {unknown}
 i - 3 potions of heal wounds {unknown}
 k - 2 potions of brilliance {unknown}
 m - 2 potions of degeneration {unknown}
 r - 3 potions of curing {unknown}
 t - a potion of lignification {unknown}
 z - a potion of flight {unknown}
 C - a potion of attraction {unknown}
 F - 2 potions of cancellation {unknown}
 L - a potion of ambrosia {unknown}
Miscellaneous
 Q - a box of beasts


   Skills:
 + Level 12.8 Fighting
 * Level 11.7 Axes
 - Level 8.0 Armour
 - Level 2.0 Dodging
 - Level 4.0 Shields


You had 11 spell levels left.
You didn't know any spells.
Your spell library was empty.

Dungeon Overview and Level Annotations

Branches:
Dungeon (11/15)            Temple (0/1) D:7            Lair (0/6) D:10
  Sewer (visited)
    Orc: D:9-12

Altars:
Ashenzari
Elyvilon
Fedhas
Kikubaaqudgha
Nemelex Xobeh
Okawaru
Qazlal
Sif Muna
Xom
Zin


Innate Abilities, Weirdness & Mutations

You are resistant to torment.
Your stone body is resilient. (AC +8)
You are immune to poison.
You resist negative energy. (rN+)
You are resistant to electric shocks. (rElec)
You can survive without breathing.
You are immune to petrification.
You are immune to miasma.


Message History

You block the killer bee's attack. x2
The killer bee stings you but does no damage.
You block the killer bee's attack.
Okay, then.
Your iron troll goes berserk!
The killer bee barely misses you. You block the killer bee's attack.
An orc comes into view.
You block the killer bee's attack.
The killer bee stings you but does no damage. x4
The killer bee stings you.
* * * LOW HITPOINT WARNING * * *
Your plate armour prevents you from hitting the killer bee.
You slash the killer bee! You barely miss the killer bee. x2
The killer bee stings you but does no damage.
The killer bee stings you.
* * * LOW HITPOINT WARNING * * *
The killer bee stings you.
* * * LOW HITPOINT WARNING * * *
The killer bee stings you.
You die...

#. #.
#.##########.
#............
#....=.......
#.>..........
####...yy.......
.....T.@y.......
...o.o.y......##
........###...#
........# ..#
.o......# .#
........# #
.......!#
#########


You could see 4 killer bees, 3 orcs and a friendly iron troll (summoned,
berserk).

Vanquished Creatures
  Harold (D:7)
  The ghost of Arthanis the Cleaver, a journeyman GrBe of Trog (D:10)
  2 two-headed ogres
  A centaur zombie (D:10)
  Maurice (D:10)
  Maggie (D:7)
  Prince Ribbit (D:7)
  A wraith (D:10)
  A steam dragon (D:8)
  A basilisk (D:10)
  14 yaks
  Menkaure (D:4)
  Edmund (D:4)
  4 water moccasins
  3 orc warriors
  4 ice beasts
  3 sky beasts
  4 ogres
  3 black bears
  A necrophage (D:9)
  4 centaurs
  2 big kobolds (Sewer)
  8 bullfrogs
  2 gnoll sergeants
  5 killer bees (D:9)
  8 scorpions
  16 wights
  2 howler monkeys (D:8)
  2 jellies
  2 bullfrog zombies
  A quasit (D:5)
  4 orc priests
  7 orc wizards
  2 bullfrog skeletons
  3 hounds
  4 centaur skeletons
  An iguana (D:6)
  Jessica (D:2)
  Terence (D:2)
  5 worker ants
  3 hound skeletons
  A hound zombie (D:8)
  3 worker ant zombies
  Robin (D:2)
  6 gnolls
  A howler monkey skeleton (D:9)
  13 adders
  3 river rats (Sewer)
  3 shadow imps
  4 white imps
  5 oozes
  An ufetubus (D:6)
  7 worms
  2 dart slugs
  3 leopard geckos
  33 orcs
  6 giant cockroaches
  19 goblins
  10 hobgoblins
  5 jackals
  2 quokkas
  7 ball pythons
  14 bats
  2 frilled lizards
  17 kobolds
  A leopard gecko skeleton (D:4)
  2 quokka zombies
  9 rats
312 creatures vanquished.

Vanquished Creatures (others)
  32 fungi
  47 plants
79 creatures vanquished.

Grand Total: 391 creatures vanquished

Notes
Turn   | Place    | Note
-------+----------+-------------------------------------------
     0 | D:1      | Arthanis the Gargoyle Berserker began the quest for the
                  | Orb.
     0 | D:1      | Reached XP level 1. HP: 14/14 MP: 1/1
    44 | D:1      | Reached XP level 2. HP: 9/19 MP: 2/2
   667 | D:1      | Reached XP level 3. HP: 21/24 MP: 3/3
   921 | D:1      | Reached ** piety under Trog
  1066 | D:2      | Noticed Robin
  1081 | D:2      | Killed Robin
  1082 | D:2      | Reached skill level 4 in Fighting
  1082 | D:2      | Reached XP level 4. HP: 13/29 MP: 4/4
  1429 | D:2      | Noticed Terence
  1437 | D:2      | Killed Terence
  1472 | D:2      | Found a broken altar of Ashenzari.
  1509 | D:2      | Reached XP level 5. HP: 34/34 MP: 5/5
  1976 | D:2      | Noticed Jessica
  1979 | D:2      | Killed Jessica
  2828 | D:4      | Noticed an ogre
  2834 | D:4      | Reached XP level 6. HP: 40/40 MP: 6/6
  2840 | D:4      | Reached skill level 5 in Fighting
  2885 | D:4      | Reached *** piety under Trog
  2991 | D:4      | Noticed Menkaure
  3005 | D:4      | Killed Menkaure
  3006 | D:4      | Reached XP level 7. HP: 35/44 MP: 7/7
  3251 | D:4      | Reached skill level 5 in Armour
  3581 | D:5      | Entered Level 5 of the Dungeon
  3582 | D:5      | Noticed Edmund
  3614 | D:4      | Killed Edmund
  3615 | D:4      | Reached skill level 6 in Fighting
  3615 | D:4      | Reached skill level 5 in Axes
  3758 | D:5      | Reached XP level 8. HP: 52/52 MP: 8/8
  3962 | D:5      | Reached skill level 1 in Shields
  4331 | D:5      | Reached skill level 7 in Fighting
  4540 | D:5      | Found the +7 Singing Sword {vorpal, sonic wave}
  4735 | D:5      | Found a glowing silver altar of Zin.
  5056 | D:6      | Found a glowing drain.
  5073 | D:6      | Got an ichor-stained scale mail
  5084 | D:6      | Identified the cursed +0 scale mail of Impermeability {+Fly
                  | rPois rC-} (You found it on level 6 of the Dungeon)
  5105 | D:6      | Reached XP level 9. HP: 58/58 MP: 9/9
  5114 | D:6      | Reached **** piety under Trog
  5122 | Sewer    | Entered a sewer
  5674 | Sewer    | Reached skill level 8 in Fighting
  6474 | D:5      | Found a blossoming altar of Fedhas.
  6474 | D:5      | Found a sparkling altar of Nemelex Xobeh.
  6474 | D:5      | Found an ancient bone altar of Kikubaaqudgha.
  6474 | D:5      | Found a shimmering altar of Xom.
  6510 | D:6      | Found a stormy altar of Qazlal.
  6597 | D:6      | Reached ***** piety under Trog
  6736 | D:7      | Noticed Maggie
  6761 | D:7      | Reached skill level 9 in Fighting
  6781 | D:7      | Killed Maggie
  6928 | D:7      | Noticed Harold
  6930 | D:7      | Found a staircase to the Ecumenical Temple.
  6930 | D:7      | Noticed Prince Ribbit
  6956 | D:7      | Killed Harold
  6957 | D:7      | Reached skill level 10 in Fighting
  6957 | D:7      | Reached XP level 10. HP: 68/68 MP: 10/10
  6983 | D:7      | Killed Prince Ribbit
  7894 | D:7      | Found a shimmering blue altar of Sif Muna.
  8164 | D:8      | Reached skill level 11 in Fighting
  9085 | D:8      | Noticed a two-headed ogre
  9094 | D:8      | Killed a two-headed ogre
  9247 | D:8      | Reached skill level 10 in Axes
  9715 | D:8      | Found a white marble altar of Elyvilon.
  9971 | D:9      | Reached XP level 11. HP: 45/76 MP: 11/11
 10423 | D:9      | Reached skill level 12 in Fighting
 10593 | D:10     | Entered Level 10 of the Dungeon
 10693 | D:10     | Got a brightly glowing flail
 10694 | D:10     | Identified the +10 flail of Woe {antimagic, *Drain +Blink
                  | rElec Will-} (You found it on level 10 of the Dungeon)
 10700 | D:10     | Found a runed translucent gate.
 10700 | D:10     | Noticed Arthanis's ghost (journeyman GrBe)
 10701 | D:10     | Found a runed translucent gate.
 10702 | D:10     | Found a runed translucent gate.
 10792 | D:10     | Found a staircase to the Lair.
 11297 | D:10     | Noticed Maurice
 11298 | D:10     | Found an iron altar of Okawaru.
 11312 | D:10     | Killed Maurice
 11852 | D:10     | Killed Arthanis's ghost
 12063 | D:11     | Noticed a two-headed ogre
 12077 | D:11     | Killed a two-headed ogre
 12134 | D:11     | Noticed a deep elf mage
 12251 | D:11     | Noticed a two-headed ogre
 12252 | D:11     | Reached XP level 12. HP: 52/82 MP: 12/12
 12259 | D:11     | HP: 4/82 [earth elemental[a deep elf mage] (8)]
 12260 | D:11     | Noticed a two-headed ogre
 12265 | D:11     | HP: 3/82 [killer bee (4)]
 12265 | D:11     | Slain by a killer bee

Illustrated notes

Levels and vault maps discovered:
D:1:      dpeg_arrival_shelter, layout_loops_cross, eino_curves_01,
          roderic_three_in_a_row, minmay_indecisive_spiral
D:2:      layout_basic, nicolae_ashenzari_panopticon, uniq_terence, uniq_robin,
          uniq_jessica
D:3:      layout_loops_ring
D:4:      layout_rooms, uniq_menkaure
D:5:      old_forge, layout_basic, nicolae_overflow_hidden_temple, uniq_edmund
D:6:      layout_basic, gup_sewer_entry_glass, nicolae_qazlal_style_of_elements
D:7:      layout_loops_ring, led_sif_pool, minmay_temple_entry_overgrown,
          uniq_prince_ribbit1, uniq_maggie, uniq_harold
D:8:      kennysheep_six_static_rooms, layout_basic, basic_altar,
          nicolae_zen_rock_garden, grunt_ministairs_11
D:9:      layout_rooms
D:10:     layout_roguey, due_lair_maze_entry_diamond, gammafunk_ghost_split,
          basic_altar, kennysheep_path_1, uniq_maurice
D:11:     layout_irregular_city, minmay_mirror_moons_of_madness, uniq_psyche

Skill      XL: |  1  2  3  4  5  6  7  8  9 10 11 |
---------------+----------------------------------+-----
Axes           | 3 4 5 6 8 10 11 | 11.7
Dodging        | 2 |  2.0
Fighting       | 4 5 6 7 10 11 12 | 12.8
Armour         | 3 4 5 6 8 |  8.0
Shields        | 3 4 |  4.0

Action                   |  1- 3 |  4- 6 |  7- 9 | 10-12 || total
-------------------------+-------+-------+-------+-------++-------
Melee: Hand axe          |   110 |   131 |   667 |   226 ||  1134
       Battleaxe         |       |       |       |    75 ||    75
       War axe           |       |       |       |   176 ||   176
       Flail             |       |       |       |    47 ||    47
Invok: Berserk           |     2 |     5 |    10 |     8 ||    25
       Trog's Hand       |       |       |     3 |     2 ||     5
       Brothers in Arms  |       |       |       |     1 ||     1
Evoke: Wand              |       |       |     1 |     1 ||     2
  Use: Scroll            |       |       |     6 |     4 ||    10
 Stab: Held in net/web   |       |       |     1 |       ||     1
Armor: Animal skin       |    36 |     2 |       |       ||    38
       Scale mail        |       |    55 |   439 |   173 ||   667
       Plate armour      |       |       |       |   201 ||   201
Dodge: Dodged            |    71 |    67 |   262 |   179 ||   579
Block: Kite shield       |       |       |   279 |   230 ||   509
